[Event "Late-Titled-Tuesday-Blitz-September-26-2023"]
[Site "Chess.com"]
[Date "2023.09.26"]
[Round "7"]
[White "DeArron_Fox"]
[Black "PepeCuenca"]
[Result "0-1"]
[WhiteElo "2475"]
[BlackElo "2685"]
[TimeControl "180+1"]
[EndTime "15:14:16 PDT"]
[Termination "PepeCuenca won on time"]

1. d4 Nf6 2. c4 g6 3. Nc3 Bg7 4. e4 d6 5. f3 O-O 6. Be3 c5 7. Nge2 Nc6 8. d5 Ne5 9. Ng3 e6 10. Be2 exd5 11. cxd5 h5 12. O-O Nh7 13. h3 h4 14. Nh1 f5 15. Qd2 a6 16. a4 Bd7 17.
Nf2 Rb8 18. a5 Qe7 19. Rae1 Qd8 20. exf5 gxf5 21. Ra1 Qf6 22. Nd3 Nc4 23. Qc1 Nxe3 24.
Qxe3 Rbe8 25. Qd2 Qd4+ 26. Kh1 c4 27. Rad1 cxd3 28. Bxd3 Qf6 29. Rfe1 Rxe1+ 30. Rxe1 Re8 31. Rxe8+ Bxe8 32. Qe3 Bf7 33. Qb6 Qe7 34. f4 Bh6 35.
Qd4 Qe1+ 36. Kh2 Qg3+ 37. Kg1 Bxf4 38. Ne2 Be3+ 0-1

[Event "Late-Titled-Tuesday-Blitz-September-26-2023"]
[Site "Chess.com"]
[Date "2023.09.26"]
[Round "7"]
[White "egnfanclub"]
[Black "Eloist"]
[Result "1-0"]
[WhiteElo "2405"]
[BlackElo "2476"]
[TimeControl "180+1"]
[EndTime "15:14:16 PDT"]
[Termination "egnfanclub won by checkmate"]

1. e4 e6 2. d4 d5 3. Nc3 Nf6 4.
e5 Nfd7 5. Nf3 c5 6. dxc5 Nc6 7. Bf4 Bxc5 8. Bd3 f6 9. exf6 Qxf6 10. Bg5 Qf7 11. Bh4 h6 12. Qe2 O-O 13. O-O-O Bb4 14. Nb5 Nc5 15. Bg3 Nxd3+ 16. Qxd3 Bd7 17. a3 Be7 18. Rhe1 Rac8 19. Nfd4 Nxd4 20. Nxd4 Bf6 21. f4 Rc4 22. Nf3 Bb5 23. Qe3 Rfc8 24. Rd2 Re4 25. Qb3 Rxe1+ 26. Bxe1 Bc4 27. Qe3 a6 28. Bf2 Qd7 29. g4 Be7 30. g5 Bc5 31.
Qe1 Bxf2 32. Rxf2 h5 33. Ne5 Qc7 34. g6 Bb5 35. Qd1 Qe7 36. Qxh5 Kf8 37. Qh8# 1-0

[Event "Late-Titled-Tuesday-Blitz-September-26-2023"]
[Site "Chess.com"]
[Date "2023.09.26"]
[Round "7"]
[White "Lion_DL"]
[Black "rikchessmx"]
[Result "1/2-1/2"]
[WhiteElo "2489"]
[BlackElo "2357"]
[TimeControl "180+1"]
[EndTime "15:14:17 PDT"]
[Termination "Game drawn by repetition"]

1. e4 c5 2. b3 e6 3. Bb2 Nc6 4. Nc3 a6 5. f4 d5 6. Nf3 d4 7. Ne2 Nf6 8. d3 Ng4 9. Bc1 Ne3 10. Bxe3 dxe3 11. c3 b5 12. g3 b4 13.
c4 Nd4 14. Bg2 Bb7 15. O-O h6 16. Re1 g6 17. Qc1 Bg7 18. Rb1 Nxe2+ 19. Rxe2 Bd4 20.
Qe1 a5 21. h3 O-O 22. Kh2 Kg7 23. Rd1 Qb6 24. Nh4 f5 25. e5 a4 26. Bxb7 Qxb7 27.
Ng2 axb3 28. axb3 Ra3 29. Rb1 Rfa8 30. h4 Ra1 31. Qc1 Rxb1 32. Qxb1 Ra1 33. Qc2 Qf3 34. Re1 Rxe1 35. Nxe1 Qf2+ 36. Kh3 Qxe1 37. Qg2 h5 38. Qb7+ Kh6 39. Qa8 Qf1+ 40. Kh2 Qf2+ 41. Kh3 Qf1+ 42. Kh2 Qe2+ 43. Kh1 Qf1+ 44. Kh2 1/2-1/2

[Event "Late-Titled-Tuesday-Blitz-September-26-2023"]
[Site "Chess.com"]
[Date "2023.09.26"]
[Round "7"]
[White "Rainbow2014"]
[Black "Chempiblinka"]
[Result "0-1"]
[WhiteElo "2410"]
[BlackElo "2263"]
[TimeControl "180+1"]
[EndTime "15:14:18 PDT"]
[Termination "Chempiblinka won on time"]

1. e4 c5 2. Nf3 Nc6 3. Bb5 e6 4. c3 Nge7 5. O-O a6 6. Be2 d5 7. exd5 Qxd5 8. d4 Nf5 9. c4 Qd8 10. d5 Ncd4 11. Nc3 Be7 12. Bf4 O-O 13. Bd3 Bf6 14.
Re1 b5 15. dxe6 Bxe6 16. cxb5 axb5 17. Nxd4 Nxd4 18. Ne4 Be7 19. b3 c4 20. bxc4 bxc4 21. Bb1 Ra5 22. Bd2 Rd5 23. Nc3 Nf3+ 24. Qxf3 Rxd2 25.
Be4 Bf6 26. a4 Qa5 27. Rac1 Rfd8 28. h3 Bxc3 29. Rxc3 Qxa4 30. Qh5 g6 31. Qg5 Rd1 32. Rxd1 Qxd1+ 33. Kh2 Qd6+ 34. g3 Qd4 0-1

[Event "Late-Titled-Tuesday-Blitz-September-26-2023"]
[Site "Chess.com"]
[Date "2023.09.26"]
[Round "7"]
[White "Bauman_Guy"]
[Black "karinachess1"]
[Result "1-0"]
[WhiteElo "2867"]
[BlackElo "2627"]
[TimeControl "180+1"]
[EndTime "15:14:19 PDT"]
[Termination "Bauman_Guy won on time"]

1. e4 e5 2. Nf3 Nc6 3. Bb5 Nf6 4. O-O Nxe4 5. Re1 Nd6 6. a4 Be7 7. Nc3 O-O 8. d4 Nxd4 9. Nxd4 exd4 10. Nd5 Bf6 11.
Bd3 Ne8 12. Bf4 d6 13. Qh5 g6 14. Nxf6+ Qxf6 15. Qf3 Ng7 16. Be4 c6 17. Bg3 Qxf3 18. Bxf3 Bf5 19. Bxd6 Rfd8 20. Be7 Rd7 21. Rac1 Re8 22.
Bb4 Rxe1+ 23. Bxe1 h5 24. h3 h4 25. Bd2 Ne6 26.
a5 Kg7 27. c3 d3 28. b4 a6 29.
Rd1 Nc7 30. Kh2 Nb5 31. g4 hxg3+ 32. fxg3 Be6 33. g4 Bc4 34. Re1 f6 35. Kg3 Kf7 36. h4 Re7 37. Rf1 Na3 38. h5 gxh5 39. gxh5 Kg7 40.
Bg4 Nb5 41. h6+ Kg8 42. Rxf6 1-0

[Event "Late-Titled-Tuesday-Blitz-September-26-2023"]
[Site "Chess.com"]
[Date "2023.09.26"]
[Round "7"]
[White "JG-17"]
[Black "bazar-wokzal"]
[Result "1-0"]
[WhiteElo "2531"]
[BlackElo "2671"]
[TimeControl "180+1"]
[EndTime "15:14:19 PDT"]
[Termination "JG-17 won by resignation"]

1. e4 Nc6 2. Nc3 Nf6 3. d4 d5 4. e5 Nd7 5. f4 Nb6 6. Nf3 Bg4 7. Be3 e6 8. h3 Bxf3 9. Qxf3 Bb4 10. a3 Bxc3+ 11.
bxc3 Na5 12. g4 Qd7 13. Bd3 Qc6 14. O-O Qxc3 15. Rab1 a6 16. f5 O-O-O 17. fxe6 fxe6 18. Qf7 Nac4 19. Qxe6+ Kb8 20. Rb3 Qa5 21. Bg5 Rde8 22. Qf7 h6 23. Bh4 g5 24. Be1 Qa4 25. e6 Nd6 26. Qf6 Ka7 27. Bb4 Qc6 28. Bc5 Nc8 29.
a4 Kb8 30. Rfb1 Nxa4 31. Rxb7+ Qxb7 32. Rxb7+ Kxb7 33. e7 Nxc5 34. dxc5 Nxe7 35. Qxa6+ Kb8 36. c6 Nxc6 37. Qxc6 Re1+ 38. Kf2 Rb1 39. Qxd5 Rf8+ 40. Kg2 Rb6 41. Be4 Ka7 42. Qa5+ 1-0

[Event "Late-Titled-Tuesday-Blitz-September-26-2023"]
[Site "Chess.com"]
[Date "2023.09.26"]
[Round "7"]
[White "pirulillo"]
[Black "Chessdreamer2020"]
[Result "1/2-1/2"]
[WhiteElo "2362"]
[BlackElo "2510"]
[TimeControl "180+1"]
[EndTime "15:14:20 PDT"]
[Termination "Game drawn by repetition"]

1. e4 d6 2. d4 Nf6 3. Nc3 c6 4. f4 d5 5. e5 Ng8 6. Nf3 h5 7. Ng5 Bg4 8. Be2 Bxe2 9. Qxe2 e6 10. O-O g6 11. Nd1 Nh6 12. Ne3 c5 13. c3 Nc6 14.
Rd1 Qb6 15. dxc5 Bxc5 16. b4 Be7 17. Kh1 Rc8 18. a4 Nf5 19. Nxf5 gxf5 20. Be3 Qc7 21. b5 Na5 22. Bd4 Nc4 23. Rd3 Qa5 24. Rh3 h4 25. g4 Bxg5 26. fxg5 Qd8 27. gxf5 Qxg5 28. fxe6 fxe6 29. Rf1 Rf8 30. Rxf8+ Kxf8 31. Qf2+ Kg7 32. Rf3 Qg6 33. Qxh4 Qb1+ 34. Kg2 Qc2+ 35. Bf2 Qe4 36. Qf6+ Kh7 37. Qf7+ Kh8 38. Qf6+ Kh7 39. Qf7+ Kh8 40. Qf6+ Kh7 1/2-1/2

[Event "Late-Titled-Tuesday-Blitz-September-26-2023"]
[Site "Chess.com"]
[Date "2023.09.26"]
[Round "7"]
[White "nitpicker"]
[Black "Garmendiarov"]
[Result "1-0"]
[WhiteElo "2250"]
[BlackElo "2295"]
[TimeControl "180+1"]
[EndTime "15:14:20 PDT"]
[Termination "nitpicker won by checkmate"]

1. d4 Nf6 2. c4 g6 3. Nc3 d5 4.
Nf3 Bg7 5. Qb3 dxc4 6. Qxc4 O-O 7. e4 Nc6 8. Be2 e5 9. d5 Nd4 10. Nxd4 exd4 11. Qxd4 c6 12. Qd3 Re8 13. d6 Bf8 14. Bf4 Nh5 15. Bxh5 gxh5 16. O-O-O Bd7 17. e5 Re6 18.
Ne4 Bg7 19. Rhe1 Qa5 20. Ng5 Rg6 21. Qb3 Be6 22. Nxe6 Rxe6 23. Qxb7 Rd8 24. Qc7 Qc5+ 25. Kb1 Ree8 26. d7 Rf8 27. Qd6 Qxf2 28. Bg3 Qf5+ 29. Ka1 f6 30. e6 Qc2 31. e7 Rb8 32. exf8=Q+ Bxf8 33. Qe6+ Kh8 34. Qxf6+ Bg7 35. d8=Q+ Rxd8 36. Rxd8# 1-0

[Event "Late-Titled-Tuesday-Blitz-September-26-2023"]
[Site "Chess.com"]
[Date "2023.09.26"]
[Round "7"]
[White "Alex_Banzea"]
[Black "JoseRemolar"]
[Result "0-1"]
[WhiteElo "2608"]
[BlackElo "2417"]
[TimeControl "180+1"]
[EndTime "15:14:23 PDT"]
[Termination "JoseRemolar won by resignation"]

1. d4 g6 2. e4 Bg7 3. Nc3 c6 4. f4 d5 5. e5 h5 6. Nf3 Nh6 7.
Bd3 Bg4 8. h3 Bxf3 9. Qxf3 e6 10. Be3 Nf5 11. Bf2 h4 12. O-O Bf8 13. Ne2 Be7 14.
b3 a5 15. c4 Na6 16. a3 Kf8 17. c5 b5 18. Kh2 Nc7 19. Ng1 a4 20. b4 Ne8 21.
Bxf5 gxf5 22. Qe3 Ng7 23. Nf3 Nh5 24. Rh1 Ke8 25. Kg1 Kd7 26. Kf1 Kc7 27. Ke2 Qg8 28.
Rag1 Ng3+ 29. Bxg3 Qxg3 30. Nd2 Rag8 31. Nf1 Qxe3+ 32.
Kxe3 Rg6 33. g3 Rhg8 34. Kf3 hxg3 35. Rxg3 Bh4 36. Rxg6 Rxg6 37. Ne3 Rg3+ 38. Ke2 Kd7 39. Rh2 Ke7 40. Ng2 Rxa3 41. Rh1 Ra2+ 42. Kf3 Rf2+ 43.
Ke3 Rxg2 44. Kf3 Rg3+ 45. Ke2 0-1

[Event "Late-Titled-Tuesday-Blitz-September-26-2023"]
[Site "Chess.com"]
[Date "2023.09.26"]
[Round "7"]
[White "vanyakuba"]
[Black "PotapovaM"]
[Result "0-1"]
[WhiteElo "2391"]
[BlackElo "2606"]
[TimeControl "180+1"]
[EndTime "15:14:25 PDT"]
[Termination "PotapovaM won by checkmate"]

1. e4 g6 2. d4 Bg7 3. Nc3 d5 4. exd5 Nf6 5. g3 O-O 6. Bg2 Nbd7 7. Nge2 Nb6 8. Nf4 Bg4 9. Qd3 Bf5 10. Qe2 Bg4 11.
Qd3 g5 12. Nfe2 h6 13. h4 gxh4 14. Rxh4 h5 15. Nf4 Qd7 16. Be3 Bf5 17. Qe2 Bg4 18. f3 Bf5 19. O-O-O Nbxd5 20. Nfxd5 Nxd5 21. Nxd5 Qxd5 22. Rxh5 Qe6 23. Kb1 Bg6 24. Rh4 Rfd8 25. Qd2 c5 26. d5 Qb6 27. Qc1 Qb5 28. Bh6 Bf6 29. Rhh1 c4 30.
Ka1 a5 31. Bf1 a4 32. a3 Qc5 33. Ka2 b5 34. c3 Rxd5 35. Rxd5 Qxd5 36. Be2 Bd3 37. Rd1 Rd8 38. Bxd3 cxd3+ 39. Ka1 b4 40. cxb4 Qb3 41. Kb1 e6 42. Qd2 Rc8 43. Qxd3 Qxb2# 0-1

[Event "Late-Titled-Tuesday-Blitz-September-26-2023"]
[Site "Chess.com"]
[Date "2023.09.26"]
[Round "7"]
[White "topin8"]
[Black "roxannyzoldyck"]
[Result "1-0"]
[WhiteElo "2421"]
[BlackElo "2202"]
[TimeControl "180+1"]
[EndTime "15:14:25 PDT"]
[Termination "topin8 won by resignation"]

1. e4 c5 2. Nf3 d6 3. c3 Nf6 4. Be2 g6 5. O-O Bg7 6. Bb5+ Nbd7 7. Re1 O-O 8. d4 a6 9. Bf1 cxd4 10. cxd4 b5 11. a4 b4 12. a5 Bb7 13. Nbd2 Rc8 14. Qb3 Rb8 15. Bd3 Qc7 16. Qc4 Qxc4 17. Nxc4 d5 18.
exd5 Nxd5 19. Bd2 e6 20. Rac1 Rfd8 21. Bg5 N7f6 22. Nfd2 h6 23. Be3 Ng4 24. Nb3 Ndxe3 25. fxe3 e5 26. h3 Nf6 27. Nxe5 Nd5 28. Nc5 Bxe5 29.
dxe5 Bc6 30. Nxa6 Rbc8 31. Bf1 Bb5 32. Bxb5 1-0

[Event "Late-Titled-Tuesday-Blitz-September-26-2023"]
[Site "Chess.com"]
[Date "2023.09.26"]
[Round "7"]
[White "SpeedofLight0"]
[Black "Zhigalko_Sergei"]
[Result "0-1"]
[WhiteElo "3050"]
[BlackElo "2921"]
[TimeControl "180+1"]
[EndTime "15:14:27 PDT"]
[Termination "Zhigalko_Sergei won by resignation"]

1. e4 c5 2. Nf3 Nc6 3. Bb5 Nf6 4. d3 Qa5+ 5. Nc3 Nd4 6. Bc4 b5 7. Bb3 Nxb3 8. cxb3 d6 9. O-O e6 10. d4 b4 11. e5 bxc3 12. exf6 gxf6 13. d5 Bb7 14. dxe6 fxe6 15. Re1 e5 16. Nh4 O-O-O 17. Qd3 cxb2 18. Bxb2 Kb8 19. Bc3 Qc7 20. Rac1 Rg8 21. Bd2 Rg4 22. Qh3 Bc8 23. b4 Rd4 24. Qe3 Rxh4 25. bxc5 dxc5 26. Rb1+ Bb7 27. Bc3 Qc6 28. Qg3 Rh6 29. f3 Rg6 30. Qh3 Rd3 31. Rb3 Rxf3 32. Bxe5+ fxe5 33. Rxf3 Qxf3 34. Qxf3 Bxf3 35. g3 e4 36. Kf2 c4 37.
Ke3 Bc5+ 38. Kf4 c3 39. Rc1 Bd4 40. Rb1+ Rb6 41. Rb4 Rxb4 0-1

[Event "Late-Titled-Tuesday-Blitz-September-26-2023"]
[Site "Chess.com"]
[Date "2023.09.26"]
[Round "7"]
[White "korason34"]
[Black "ErikRonka"]
[Result "1-0"]
[WhiteElo "2653"]
[BlackElo "2492"]
[TimeControl "180+1"]
[EndTime "15:14:28 PDT"]
[Termination "korason34 won by resignation"]

1. e4 c5 2. Nf3 e6 3. d4 cxd4 4. Nxd4 Nf6 5. Nc3 d6 6. g4 h6 7. h4 Nc6 8. Rg1 d5 9. exd5 Nxd5 10. Nxd5 exd5 11. Be3 Qxh4 12. Qd3 Bxg4 13. Bg2 Rd8 14.
Qb5 Bd7 15. Qd3 Nxd4 16. Bxd4 Qe7+ 17. Kf1 Be6 18. Re1 Kd7 19. Bxa7 Kc8 20. Bb6 Rd7 21. Qc3+ Kb8 22. Qa5 Rd6 23. Qa7+ Kc8 24. Qa8+ Kd7 25.
Qxb7+ Ke8 26. Qb8+ Kd7 27. Bc5 Qd8 28. Qxd8+ Kxd8 29. Bxd6 Bxd6 30. Rd1 Kc7 31. Bxd5 Rb8 32. Bxe6 fxe6 33. Rxg7+ Kc6 34. Rg6 Kc5 35. Rxe6 Bf4 36. b3 Rd8 37. Rxd8 1-0

[Event "Late-Titled-Tuesday-Blitz-September-26-2023"]
[Site "Chess.com"]
[Date "2023.09.26"]
[Round "7"]
[White "CURRUTACO59"]
[Black "Vadim_Biliy"]
[Result "0-1"]
[WhiteElo "2245"]
[BlackElo "2316"]
[TimeControl "180+1"]
[EndTime "15:14:28 PDT"]
[Termination "Vadim_Biliy won on time"]

1. Nf3 c5 2. e3 Nc6 3. d4 cxd4 4. exd4 Nf6 5. Bd3 e6 6. O-O Be7 7. Re1 O-O 8. c3 d6 9. h3 b6 10. Bf4 Bb7 11. Nbd2 Re8 12. Bh2 a6 13. a4 Bf8 14.
Qb3 Rb8 15. Nc4 Ba8 16. Qc2 b5 17. axb5 axb5 18. Ne3 g6 19. b4 Bg7 20. Qe2 Ne7 21. Bxb5 Bxf3 22. gxf3 Rf8 23. Bd3 Ned5 24. Rec1 Bh6 25.
Rc2 Re8 26. Ng4 Bf4 27. Bg3 Nh5 28. Kh2 Qg5 29. Be4 Qh4 30. Rg1 Qe7 31. Qa6 Qc7 0-1

[Event "Late-Titled-Tuesday-Blitz-September-26-2023"]
[Site "Chess.com"]
[Date "2023.09.26"]
[Round "7"]
[White "reevecanada"]
[Black "dedpihto_v_kozhanom_palto"]
[Result "0-1"]
[WhiteElo "2528"]
[BlackElo "2701"]
[TimeControl "180+1"]
[EndTime "15:14:29 PDT"]
[Termination "dedpihto_v_kozhanom_palto won on time"]

1. e4 g6 2. d4 Bg7 3. Be3 d6 4. Nc3 Nc6 5. f3 e5 6. d5 Nce7 7.
Nge2 f5 8. Qd2 Nf6 9. O-O-O O-O 10.
h4 b5 11. exf5 b4 12. Ne4 Nxf5 13. Bg5 Qe8 14. Bxf6 Bxf6 15. g4 Nd4 16. Nxd4 exd4 17. Nxf6+ Rxf6 18. Bg2 Qa4 19. Qxd4 Rf7 20. Kb1 Bd7 21.
Rhe1 Raf8 22. Re4 a5 23. Rde1 Qb5 24. Re7 a4 25. h5 b3 26. hxg6 hxg6 27. cxb3 axb3 28.
a3 Rxe7 29. Rxe7 Rf7 30. Rxf7 Kxf7 31. Qe4 Qc5 32. Bf1 Bb5 33. Qe6+ Kg7 34. Qe7+ Kg8 35.
Qe6+ Kg7 36. Qe7+ Kg8 37. Qe6+ Kf8 38. Qf6+ Ke8 39. Qxg6+ Kd8 40. Qg8+ Be8 41. Qg5+ Kc8 42. Qf5+ Bd7 43. Qd3 Bb5 44. Qf5+ Kb7 0-1

[Event "Late-Titled-Tuesday-Blitz-September-26-2023"]
[Site "Chess.com"]
[Date "2023.09.26"]
[Round "7"]
[White "ferdipy"]
[Black "DefiantChair"]
[Result "0-1"]
[WhiteElo "2338"]
[BlackElo "2548"]
[TimeControl "180+1"]
[EndTime "15:14:29 PDT"]
[Termination "DefiantChair won on time"]

1. e4 c5 2. d4 cxd4 3. c3 dxc3 4. Nxc3 Nc6 5. Bc4 e6 6. Nf3 a6 7. O-O b5 8. Bb3 Bb7 9. Qe2 Nge7 10. Rd1 Ng6 11. Be3 Be7 12. Rac1 O-O 13. a3 d6 14. Bc2 Qb8 15. b4 Nce5 16. Nxe5 Nxe5 17. f4 Nc4 18. Bf2 Bf6 19. Bb3 Nxa3 20. f5 exf5 21. exf5 Nc4 22. Nd5 Bxd5 23. Rxd5 Qc7 24. Bxc4 bxc4 25. Rxc4 Qd7 26. Qd3 Rfd8 27. Bc5 Qe7 28.
Re4 Qc7 29. Rxd6 Rxd6 30. Qxd6 Qb7 31. Rg4 Kh8 32. h4 Rd8 33. Qb6 Rd1+ 34. Kh2 Be5+ 35. Rg3 Qxb6 36. Bxb6 Rd3 37. Bf2 Rb3 38. Kh3 Bxg3 39.
Bxg3 Rxb4 40. Bd6 Rb3+ 41. Kg4 a5 42. h5 Kg8 43. h6 gxh6 44. Kh5 a4 45. g4 a3 46. Kxh6 Rb6 0-1

[Event "Late-Titled-Tuesday-Blitz-September-26-2023"]
[Site "Chess.com"]
[Date "2023.09.26"]
[Round "7"]
[White "IngOscarArdila"]
[Black "FERNANDEZL1983"]
[Result "0-1"]
[WhiteElo "2373"]
[BlackElo "2525"]
[TimeControl "180+1"]
[EndTime "15:14:32 PDT"]
[Termination "FERNANDEZL1983 won by resignation"]

1. d4 Nf6 2. c4 e6 3. Nc3 Bb4 4. Bd2 O-O 5. Nf3 c5 6. e3 cxd4 7. Nxd4 a6 8. Be2 Nc6 9. Nxc6 dxc6 10. O-O e5 11. Qc2 Qe7 12. e4 Nd7 13. a3 Bc5 14. b4 Bd4 15. Bf3 Rd8 16. Rad1 Nf8 17. Ne2 Ne6 18.
Bc3 c5 19. Qb2 Bd7 20. Bxd4 cxd4 21. Rfe1 b5 22. c5 Bc6 23. Nc1 Ng5 24. Qe2 Qf6 25. Nd3 Nxf3+ 26. Qxf3 Qxf3 27. gxf3 f6 28. f4 Re8 29. fxe5 fxe5 30. f3 Kf7 31. Kf2 Kf6 32. Rg1 Bd7 33. Ke2 Be6 34. Kd2 a5 35. Ra1 axb4 36. axb4 Bc4 37. Ra5 Rxa5 38. bxa5 Ra8 39. Ra1 Ke6 40. Nb4 Kd7 41. a6 Ra7 42. h4 Bf7 43. Nd3 Ke6 44. f4 exf4 45. Nxf4+ Ke5 46.
Nd3+ Kxe4 47. Nb4 Be6 48. Nc6 Ra8 49. a7 Kd5 50. Ra6 Bc8 51. Rb6 Bd7 52. Ne7+ Kxc5 53. Rb7 Be6 54. h5 b4 55. Kc1 b3 56. Kb2 d3 57. Rc7+ Kd6 58. Rb7 d2 59. Rb8 Rxa7 0-1

[Event "Late-Titled-Tuesday-Blitz-September-26-2023"]
[Site "Chess.com"]
[Date "2023.09.26"]
[Round "7"]
[White "rose107"]
[Black "valemava"]
[Result "0-1"]
[WhiteElo "2121"]
[BlackElo "2406"]
[TimeControl "180+1"]
[EndTime "15:14:32 PDT"]
[Termination "valemava won on time"]

1. e4 c5 2. c3 Qa5 3. Nf3 Nc6 4. d4 d6 5. d5 Nb8 6. Be2 g6 7. O-O Bg7 8. Nbd2 Nf6 9. Nc4 Qc7 10. Qc2 b5 11. Ncd2 a6 12. a4 bxa4 13. Qxa4+ Nbd7 14. b3 O-O 15. Bb2 Nb6 16. Qa2 a5 17. Rfc1 Bd7 18. Qb1 Rfb8 19. h3 Bh6 20. Qd3 a4 21. b4 c4 22. Nxc4 Bxc1 23. Nxb6 Qxb6 24. Bxc1 Be8 25. Be3 Qc7 26. Qd4 a3 27. Bg5 Qd8 28. e5 dxe5 29.
Nxe5 Qxd5 30. Qe3 Qe4 31. Qg3 a2 32. Bf3 Qb1+ 33. Rxb1 axb1=Q+ 34. Kh2 Ra1 35. Qh4 Qh1+ 36. Kg3 Qe1 37. Bxf6 exf6 38. Qxf6 Qxc3 39. Qd6 Rc8 40.
Ng4 Qc7 0-1

[Event "Late-Titled-Tuesday-Blitz-September-26-2023"]
[Site "Chess.com"]
[Date "2023.09.26"]
[Round "7"]
[White "AsaHoffmann"]
[Black "Horokoskii"]
[Result "1-0"]
[WhiteElo "2403"]
[BlackElo "2111"]
[TimeControl "180+1"]
[EndTime "15:14:33 PDT"]
[Termination "AsaHoffmann won by resignation"]

1. d4 Nf6 2. Bg5 c5 3. d5 g6 4. Nc3 Bg7 5. e4 d6 6. f3 O-O 7.
Qd2 e6 8. dxe6 Bxe6 9. O-O-O Qa5 10. a3 Rd8 11. Bh6 Bxh6 12. Qxh6 d5 13. Qg5 Nbd7 14.
exd5 Bf5 15. g4 b5 16. gxf5 b4 17. Nb1 Rab8 18. fxg6 hxg6 19. d6 bxa3 20. Nxa3 Rxb2 21. Bc4 Qxa3 22. Qxg6+ Kh8 23. Qh6+ Kg8 24. Rd3 Rb3+ 25.
Kd2 Rxd3+ 26. cxd3 Qb2+ 27. Ke1 Re8+ 28. Kf1 Qe5 29.
Kg2 Nf8 30. Nh3 Ng6 31. Qxg6+ Kf8 32. Qh6+ Kg8 33. Nf2 Nh5 34. Qg6+ Kh8 35. Qh6+ Kg8 36. Rg1 Rb8 37. Kh1+ Ng7 38. Rxg7+ Qxg7 39. Qxg7+ Kxg7 40. Ne4 a5 41. Nxc5 a4 42. d7 a3 43. Nb7 Rxb7 44.
d8=Q Rb1+ 45. Kg2 Rb2+ 46. Kg3 a2 47. Qd4+ 1-0

[Event "Late-Titled-Tuesday-Blitz-September-26-2023"]
[Site "Chess.com"]
[Date "2023.09.26"]
[Round "7"]
[White "cassoulet"]
[Black "RonArtest77"]
[Result "1-0"]
[WhiteElo "2744"]
[BlackElo "2492"]
[TimeControl "180+1"]
[EndTime "15:14:34 PDT"]
[Termination "cassoulet won by resignation"]

1. d4 d5 2. Nf3 e6 3. Bf4 Bd6 4. e3 Ne7 5. Bd3 Ng6 6. Bg3 Qe7 7. Ne5 Nxe5 8. dxe5 Bb4+ 9. c3 Ba5 10. Qa4+ Nc6 11. Bb5 Bb6 12. Bxc6+ bxc6 13. Qxc6+ Qd7 14. Qxd7+ Bxd7 15. O-O c5 16. Nd2 Bb5 17. Rfd1 Be2 18. Re1 Bd3 19.
e4 Kd7 20. Rad1 Bc2 21. Rc1 Ba4 22. exd5 exd5 23. Nf3 h6 24. e6+ fxe6 25. Ne5+ Kc8 26.
Nf7 Rf8 27. Ne5 Kb7 28. Ng6 Rf6 29. Nf4 Bd7 30. c4 d4 31. Nd3 Re8 32. Re5 Rf5 33.
Rce1 Rxe5 34. Bxe5 g5 35. Bg7 h5 36. f3 Rg8 37. Bf6 g4 38. f4 h4 39. Bxh4 Bc7 40.
Nxc5+ Kc6 41. Nd3 Rb8 42. b3 Bd6 43. Bf6 Kc7 44. Bxd4 Rf8 45. Be5 Bc6 46. Bxd6+ Kxd6 47. g3 Bb7 48. Kf2 Kd7 49. Nc5+ Kc7 50. Nxe6+ 1-0

[Event "Late-Titled-Tuesday-Blitz-September-26-2023"]
[Site "Chess.com"]
[Date "2023.09.26"]
[Round "7"]
[White "ukchessbomber"]
[Black "snowlord"]
[Result "0-1"]
[WhiteElo "2667"]
[BlackElo "2890"]
[TimeControl "180+1"]
[EndTime "15:14:36 PDT"]
[Termination "snowlord won on time"]

1. b4 e6 2. Bb2 Nf6 3. a3 c5 4. b5 d5 5. e3 a6 6. Nf3 Bd7 7. bxa6 Nxa6 8. c4 Bd6 9. Be2 dxc4 10. Bxc4 b5 11. Be2 O-O 12. O-O Nc7 13. Ne5 Be8 14.
d3 Ncd5 15. Nd2 Qc7 16. Ndf3 Nd7 17. Nxd7 Bxd7 18. Qd2 Rfc8 19. Rfc1 h6 20. g3 Nb6 21.
Bd4 Qb7 22. Be5 Bf8 23. e4 c4 24. dxc4 Nxc4 25. Bxc4 Rxc4 26. Rxc4 bxc4 27. Qd4 c3 28.
Qxc3 Qxe4 29. Qe3 Qxe3 30. fxe3 Rxa3 31. Rxa3 Bxa3 32. Kf2 f6 33. Bc3 e5 34. h4 h5 35. Nd2 Be6 36. Ne4 Bd5 37. Nd2 Bc5 38. Bb2 Kf7 39. Bc1 Ke6 40. Nb1 Be4 41. Nc3 Bc6 42.
Ne2 Kf5 43. Bd2 Ke4 44. Bc1 Kd3 45. Ng1 Kc2 46. Ne2 Bb5 0-1

[Event "Late-Titled-Tuesday-Blitz-September-26-2023"]
[Site "Chess.com"]
[Date "2023.09.26"]
[Round "7"]
[White "Sanan_Sjugirov"]
[Black "dropstoneDP"]
[Result "0-1"]
[WhiteElo "2971"]
[BlackElo "3112"]
[TimeControl "180+1"]
[EndTime "15:14:37 PDT"]
[Termination "dropstoneDP won by checkmate"]

1. e4 e5 2. Nf3 Nf6 3. Nxe5 d6 4. Nf3 Nxe4 5. Nc3 Nxc3 6. dxc3 Be7 7. Be3 O-O 8. Qd2 Nd7 9. O-O-O c6 10. h4 d5 11. Bd3 Nf6 12. Bg5 Re8 13. Kb1 Bg4 14. Rde1 Bxf3 15. gxf3 Nh5 16. Reg1 Qd6 17. a3 g6 18. Bxe7 Rxe7 19. Qh6 Qe5 20. f4 Nxf4 21. h5 Nxd3 22. cxd3 Qf5 23. Rg3 Rae8 24. Ka2 d4 25. c4 b5 26. hxg6 fxg6 27. Rhg1 Rg7 28. Qh4 bxc4 29. dxc4 Qxf2 30. Qg4 Rb7 31. R3g2 Rxb2+ 32. Ka1 Ra2+ 33. Kb1 Rb8+ 34. Kc1 Ra1# 0-1

[Event "Late-Titled-Tuesday-Blitz-September-26-2023"]
[Site "Chess.com"]
[Date "2023.09.26"]
[Round "7"]
[White "zajka-molotok"]
[Black "Javylavilla"]
[Result "1-0"]
[WhiteElo "2559"]
[BlackElo "2342"]
[TimeControl "180+1"]
[EndTime "15:14:39 PDT"]
[Termination "zajka-molotok won by resignation"]

1. e4 e6 2. d4 d5 3. exd5 exd5 4. Nf3 Bd6 5. Bd3 Ne7 6. O-O Nd7 7. Re1 Nf6 8. Bg5 Bg4 9. Bxf6 gxf6 10. Nbd2 Qd7 11.
c3 O-O-O 12. Qc2 Kb8 13. a4 Rdg8 14. Kh1 h5 15. Bf1 c6 16. b4 Bc7 17. b5 Qd6 18. h3 Bf5 19. Bd3 Be6 20. Rab1 c5 21. dxc5 Qxc5 22. Nb3 Qd6 23. Nbd4 Bc8 24. c4 dxc4 25.
Bxc4 Ng6 26. Rbd1 Qf4 27. Bxf7 Nh4 28. Bxg8 Nxg2 29. Re7 Rxg8 30. Qxc7+ Qxc7 31. Rxc7 Kxc7 32. Rg1 Bxh3 33. Kh2 Bg4 34. Rxg2 Rd8 35. Rg3 Kb6 36. Rg1 Kc5 37. Rc1+ Kd5 38. Kg3 Rg8 39. Kf4 Re8 40. Rc7 Re4+ 41. Kg3 h4+ 42. Kg2 h3+ 43. Kg3 h2 44.
Nxh2 Bd1 45. Ndf3 Bxa4 46. Rxb7 Bd1 47. Rxa7 Rb4 48. Rd7+ Ke6 49. Rxd1 Rxb5 50. Nd4+ 1-0

[Event "Late-Titled-Tuesday-Blitz-September-26-2023"]
[Site "Chess.com"]
[Date "2023.09.26"]
[Round "7"]
[White "Verony64"]
[Black "Shuvalov"]
[Result "0-1"]
[WhiteElo "2277"]
[BlackElo "2476"]
[TimeControl "180+1"]
[EndTime "15:14:40 PDT"]
[Termination "Shuvalov won by resignation"]

1. e4 e6 2. Nc3 d5 3. d3 c5 4. e5 Nc6 5. f4 Nh6 6. Nf3 f6 7. g3 Nf7 8. exf6 gxf6 9. Bg2 Bg7 10. O-O O-O 11. Ne2 e5 12. c3 Kh8 13. Nh4 Ne7 14. f5 Nd6 15. g4 Rg8 16. Ng3 Qf8 17.
Nh5 Bh6 18. Kh1 Bg5 19. Bxg5 Rxg5 20. h3 Bd7 21. Qd2 Be8 22. Ng3 Bc6 23. Rae1 Rg8 24.
Nh5 Be8 25. Ng3 Rd8 26. Qf2 b6 27. Re2 Bb5 28. Rd1 e4 29. Qe1 Bxd3 30. Rxd3 exd3 31. Rxe7 d2 32. Rxh7+ Kxh7 33. Qxd2 Qh6 34. Qxh6+ Kxh6 35. Nf3 Ne4 36. Nh5 d4 37. Kh2 d3 38. h4 d2 39.
Nxd2 Rxd2 40. Kh3 Nf2+ 41. Kg3 Rxg4+ 42. Kf3 Rxg2 43. Kxg2 Kxh5 44. Kf3 Kxh4 45. Ke3 Rxb2 0-1

[Event "Late-Titled-Tuesday-Blitz-September-26-2023"]
[Site "Chess.com"]
[Date "2023.09.26"]
[Round "7"]
[White "victormago"]
[Black "GaiozNigalidze"]
[Result "0-1"]
[WhiteElo "2526"]
[BlackElo "2727"]
[TimeControl "180+1"]
[EndTime "15:14:44 PDT"]
[Termination "GaiozNigalidze won on time"]

1. d4 g6 2. c4 Bg7 3. Nc3 c5 4. d5 Bxc3+ 5. bxc3 f5 6. h4 Nf6 7. Nf3 Qa5 8. Bd2 d6 9. e3 Nbd7 10. Bd3 Nb6 11. Qb3 Bd7 12. Ng5 Qa6 13. a4 Nbxd5 14.
e4 Nc7 15. exf5 gxf5 16. O-O h6 17. Nh3 e5 18. f3 O-O-O 19. Rfb1 Qc6 20. a5 Rdg8 21.
Kh2 Rg7 22. Qc2 Rhg8 23. Rg1 e4 24. fxe4 fxe4 25. Be2 Bxh3 26. gxh3 Rxg1 27. Rxg1 Rxg1 28. Kxg1 Qd7 29. Kh2 Qf5 30. Be3 Ne6 31. Qd2 Qe5+ 32.
Kg2 h5 33. Bg5 Kc7 34. Bxf6 Qxf6 35. Kg3 Qe5+ 36. Kg2 Nf4+ 37. Kg1 Nxe2+ 38. Qxe2 Qg3+ 39. Qg2 Qxg2+ 40. Kxg2 Kc6 41. Kg3 d5 42. Kf4 b5 43.
axb6 axb6 44. Ke5 e3 45. cxd5+ Kd7 0-1